 Dungeon Crawl Stone Soup version 0.27-a0-1196-g3e9cee4cb2 (webtiles) character file.

Game seed: 8335964673432535080

49 Morbidden the Bolt Thrower (level 3, -5/32 HPs)
             Began as a Deep Dwarf Hunter on May 29, 2021.
             Slain by Sigmund
             ... wielding a +0 scythe
              (7 damage)
             ... on level 2 of the Dungeon.
             The game lasted 00:02:10 (1270 turns).

Morbidden the Bolt Thrower (Deep Dwarf Hunter)      Turns: 1270, Time: 00:02:11

Health: -5/32      AC: 11    Str: 23 (24) XL:     3   Next: 51%
Magic:  3/3        EV:  7    Int: 10 (11) God:
Gold:   86         SH:  0    Dex: 14 (15) Spells: 2/2 levels left

rFire    . . .     SeeInvis .   a - +1 hand crossbow
rCold    . . .     Faith    .   (no shield)
rNeg     . . .     Spirit   .   e - +0 plate armour
rPois    .         Reflect  .   (no helmet)
rElec    .         Harm     .   (no cloak)
rCorr    .         Rampage  .   g - +0 pair of gloves
Will     .....     Rnd*Rage +   (no boots)
Stlth    ..........             (no amulet)
HPRegen  0.00/turn              p - +6 ring of strength
MPRegen  0.08/turn              (no ring)

@: confused
A: damage resistance, heal wounds, sense surroundings 1, no regeneration, agile
1, berserk 1, strong 1
a: Heal Wounds


You were on level 2 of the Dungeon.
You visited 1 branch of the dungeon, and saw 2 of its levels.

You collected 86 gold pieces.

Inventory:

Hand Weapons
 a - a +1 hand crossbow (weapon)
 b - a +0 short sword
Missiles
 d - 27 bolts (quivered ammo)
Armour
 e - a +0 plate armour (worn)
 g - a +0 pair of gloves (worn)
Jewellery
 i - a ring of fire
 p - a +6 ring of strength (left hand)
Scrolls
 c - a scroll of enchant armour {unknown}
 f - a scroll of fog {unknown}
 h - a scroll of fear {unknown}
 l - a scroll of immolation {unknown}
 m - a scroll of summoning {unknown}
 o - 2 scrolls of noise {unknown}


   Skills:
 + Level 2.3 Fighting
 + Level 5.4 Crossbows
 + Level 0.2 Armour
 + Level 2.3 Dodging
 + Level 1.2 Stealth


You had 2 spell levels left.
You didn't know any spells.
Your spell library was empty.

Dungeon Overview and Level Annotations

Branches:
Dungeon (2/15)

Altars:

Annotations:
D:2 Sigmund


Innate Abilities, Weirdness & Mutations

You are resistant to damage.
You can heal yourself by infusing magical energy.
You passively map a small area around you.
You do not regenerate.
You are agile. (Dex +2)
You tend to lose your temper in combat.
Your muscles are strong. (Str +2)


Message History

Fire: 30 bolts
Press: ? - help, Q - select action, (/) - cycle Shift-Dir - straight line You shoot a bolt.
Something hits you but does no damage.
Unknown command.
Fire: 29 bolts
Press: ? - help, Q - select action, (/) - cycle Shift-Dir - straight line You shoot a bolt.
Something hits you.
* * * LOW HITPOINT WARNING * * *
Unknown command.
Fire: 28 bolts
Press: ? - help, Q - select action, (/) - cycle Shift-Dir - straight line, f - you Really target yourself?
Okay, then.
Unknown command.
Fire: 28 bolts
Press: ? - help, Q - select action, (/) - cycle Shift-Dir - straight line
Okay, then.
Fire: 28 bolts
Press: ? - help, Q - select action, (/) - cycle Shift-Dir - straight line
Okay, then.
A magic dart appears from out of thin air!
The magic dart hits you but does no damage.
You are confused.
You bump into the rock wall.
Non-targeted confused fire: 28 bolts
Press: ? - help, Q - select action, (/) - cycle Dir - look around, f - activate You shoot a bolt.
Unknown command.
You bump into the closed door.
You hear some strange, mumbled words.
Something tries to affect you, but you resist.
You bump into the closed door.
You hear some strange, mumbled words.
Something tries to affect you, but you resist.
Unknown command.
Unknown command.
Something hits you!
You die...

.####...#####.#####.# *
...............# #.# ,
..####.<.####### #.# # ##.## #.#
* #., ##, #.# #)# #., .# # #.#
###†#### #.. #.#.# ##+##
#......# *#.##.#.# ##..(##
#.#....# #......# ##....@##
##.#....# *##..# ##....{..##
##..#....#*
##...####.........####...##.#.##
#.......+.........'.............
##...####.........####...##.####
##..# ##.......## ##.###.# ###.#
##.....## ### #.# #...# ##..(##
*#.# #.### ##'## ..#


There were no monsters in sight!

Vanquished Creatures
  An adder (D:2)
  An endoplasm (D:1)
  A giant cockroach (D:1)
  4 goblins
  4 hobgoblins
  7 jackals
  2 quokkas (D:2)
  5 ball pythons
  4 bats
  2 frilled lizards (D:2)
  2 kobolds (D:2)
  4 rats
37 creatures vanquished.

Vanquished Creatures (others)
  A plant (D:1)
1 creature vanquished.

Grand Total: 38 creatures vanquished

Notes
Turn   | Place    | Note
-------+----------+-------------------------------------------
     0 | D:1      | Morbidden the Deep Dwarf Hunter began the quest for the
                  | Orb.
     0 | D:1      | Reached XP level 1. HP: 19/19 MP: 1/1
   171 | D:1      | Reached XP level 2. HP: 26/26 MP: 2/2
   414 | D:1      | Reached skill level 5 in Crossbows
   868 | D:2      | Reached XP level 3. HP: 32/32 MP: 3/3
  1207 | D:2      | Noticed Sigmund
  1236 | D:2      | Gained mutation: Your muscles are strong. (Str +2) [potion
                  | of mutation]
  1236 | D:2      | Gained mutation: You tend to lose your temper in combat.
                  | [potion of mutation]
  1236 | D:2      | Gained mutation: You are agile. (Dex +2) [potion of
                  | mutation]
  1270 | D:2      | Slain by Sigmund

Illustrated notes

Levels and vault maps discovered:
D:1:      eino_arrival_cavern_b, layout_loops_ring, serial_forest,
          infiniplex_forest_zigzag_2, infiniplex_forest_lined_corner,
          infiniplex_forest_clump_tiny, infiniplex_forest_clump_tiny
D:2:      layout_loops_corners, hellmonk_ecumenical_altar_inner_sanctum,
          serial_bayou_pond_d, minmay_misc_feat_x, uniq_sigmund

Skill      XL: |  1  2  3 |
---------------+----------+-----
Crossbows      | 5 |  5.4
Fighting       | 2 |  2.3
Armour         | |  0.2
Dodging        | |  2.3
Stealth        | |  1.2

Action                   || total
-------------------------++-------
Melee: Hand crossbow     ||     2
 Fire: Hand crossbow     ||    87
  Use: Potion            ||     2
Armor: Plate armour      ||    40
Dodge: Dodged            ||    12

Table legend: (Time is in decaauts)
 A = Elapsed time spent in this place.
 B = Non-inter-level travel time spent in this place.
 C = Inter-level travel time spent in this place.
 D = Time resting spent in this place.
 E = Time spent auto-exploring this place.
 F = Levels seen in this place.
 G = Mean time per level.
                   A        B        C        D        E       F      G
               +--------+--------+--------+--------+--------+-----+--------+
         Total |   1294 |   1285 |      9 |      0 |   1017 |   2 |  647.0 |
       Dungeon |   1294 |   1285 |      9 |      0 |   1017 |   2 |  647.0 |
               +--------+--------+--------+--------+--------+-----+--------+

Top non-repeatable levels by time:
     D:1: 690 daAuts
     D:2: 603 daAuts
